 Dungeon Crawl Stone Soup version 0.31-a0-532-g28f74ba3e5 (webtiles) character file.

Game seed: 9897745088192214141

36 mandarbmax the Ruffian (level 3, 0/25 HPs)
             Began as an Ogre Shapeshifter on Aug 12, 2023.
             Succumbed to an adder's poison
             ... on level 2 of the Dungeon.
             The game lasted 00:02:13 (1174 turns).

mandarbmax the Ruffian (Ogre Shapeshifter)          Turns: 1174, Time: 00:02:20

Health: 0/25       AC:  3    Str: 21    XL:     3   Next: 37%
Magic:  3/3        EV: 10    Int:  9    God:
Gold:   142        SH:  0    Dex:  9    Spells: 2/2 levels left

rFire   . .          .
                       - Unarmed
rCold   . . .        (shield currently unavailable)
rNeg    . . .        a - +0 animal skin
rPois   .            (helmet restricted)
rElec   .            (no cloak)
rCorr   .            (gloves unavailable)
SInv    .            (boots unavailable)
Will    .....        (no amulet)
Stlth   +            (no ring)
HPRegen 0.24/turn    (no ring)
MPRegen 0.08/turn

%: no passive effects
@: lethally poisoned (0 -> -2), flux-form, attractive, glowing
A: glow, contaminating, reduced hp, large, unfitting armour, tough skin 1
a: Begin Untransformation


You were on level 2 of the Dungeon.
You were something dangerously unstable.
You visited 1 branch of the dungeon, and saw 2 of its levels.

You collected 142 gold pieces.

Inventory:

Armour
 a - a +0 animal skin (worn)
Jewellery
 f - a ring of see invisible
Talismans
 c - a beast talisman
 d - a flux talisman (active)
Scrolls
 i - a scroll of amnesia {unknown}
 k - a scroll of immolation {unknown}
 l - a scroll of fear {unknown}
Potions
 j - a potion of heal wounds {unknown}
 m - a potion of invisibility {unknown}


   Skills:
 + Level 2.5 Fighting
 - Level 2.0 Dodging
 * Level 3.5 Unarmed Combat
 - Level 3.0 Shapeshifting


You had 2 spell levels left.
You didn't know any spells.
Your spell library contained the following spells:

 Spells                   Type           Power      Damage    Failure   Level
 Cigotuvi's Dreadful Rot  Necr/Pois/Air  0%         N/A       52%         2
 Dispel Undead            Necr           0%         3d6       99%         4
 Death Channel            Necr           0%         N/A       100%        6


Dungeon Overview and Level Annotations

Branches:
Dungeon (2/15)

Altars:


Innate Abilities, Weirdness & Mutations

You are something dangerously unstable.
You glow with magical radiation, making you easy to see and hit.
Foes you strike become dangerously contaminated with magical radiation.
Your maximum health is decreased, since you lack skill for your form.
You are incapable of wielding weapons or throwing items.
You are too large for most types of armour.
You have tough skin. (AC +1)


Message History

You are too injured to fight recklessly!
You are too injured to fight recklessly!
You are too injured to fight recklessly!
You are too injured to fight recklessly!
You are too injured to fight recklessly!
You are too injured to fight recklessly!
You are too injured to fight recklessly!
You are too injured to fight recklessly!
You feel sick. The adder bites you.
* * * LOW HITPOINT WARNING * * *
You are lethally poisoned!
The adder poisons you!
* * * LOW HITPOINT WARNING * * *
You feel sick.
It was a potion of attraction.
You feel attractive to monsters.
* * * LOW HITPOINT WARNING * * *
You feel sick. The adder bites you but does no damage.
Your transformation has ended.
You turn into a tree.
Your +0 animal skin melds into your body.
Your roots penetrate the ground.
* * * LOW HITPOINT WARNING * * *
You feel sick.
The adder bites you but does no damage. x2
You barely miss the adder.
The adder is lightly wounded.
* * * LOW HITPOINT WARNING * * *
You feel sick. The adder bites you but does no damage.
It was a potion of resistance.
You feel protected.
* * * LOW HITPOINT WARNING * * *
You feel sick.
The adder stops glowing.
The adder completely misses you.
It was a potion of cancellation.
Your magical effects are unravelling.
You feel magically purged.
You feel less wooden.
Your +0 animal skin unmelds from your body.
You turn into something dangerously unstable.
Your resistance to elements expires.
You die...

##. . ....### ..# ..
.....# #.. ... ...#.#
.#.# ..##.##.##.....
........ #.#
#.##.#####.#
#JSB....##.#
#.##.##.##.##
#......#.##.#...######
#..##..#.............#
#...
)..####.#...####.##
#.. ...####.#####
#...## #. #.........#
#.)... . #.........#
#...## ....###...#
#####


You could see an adder and an endoplasm.

Vanquished Creatures
  2 dart slugs (D:1)
  5 ball pythons
  3 endoplasms (D:1)
  3 goblins
  3 jackals (D:1)
  6 bats (D:1)
  3 frilled lizards
  3 kobolds (D:1)
  5 rats (D:1)
33 creatures vanquished.

Notes
Turn   | Place    | Note
-------+----------+-------------------------------------------
     0 | D:1      | mandarbmax the Ogre Shapeshifter began the quest for the
                  | Orb.
     0 | D:1      | Reached XP level 1. HP: 19/19 MP: 1/1
   199 | D:1      | Reached XP level 2. HP: 19/28 MP: 2/2
   601 | D:1      | Reached XP level 3. HP: 22/36 MP: 3/3
  1173 | D:2      | HP: 2/54 [poisoned by an adder]
  1174 | D:2      | Succumbed to an adder's poison

Illustrated notes

Levels and vault maps discovered:
D:1:      amcnicky_arrival_double_pillar, layout_loops_corners,
          minmay_pentomino_q4
D:2:      layout_loops_cross, shapermc_ecumenical_altar_acropolis

Skill      XL: |  1  2 |
---------------+-------+-----
Dodging        | 2 |  2.0
Unarmed Combat | 3 |  3.5
Fighting       | 2 |  2.5
Shapeshifting  | |  3.0

Action                     || total
---------------------------++-------
  Melee: Unarmed           ||   107
    Use: Potion            ||     4
 Armour: Animal skin       ||    49
         Skin              ||     3
  Dodge: Dodged            ||    63
   Form: Flux              ||     1

Table legend: (Time is in decaauts)
 A = Elapsed time spent in this place.
 B = Non-inter-level travel time spent in this place.
 C = Inter-level travel time spent in this place.
 D = Time resting spent in this place.
 E = Time spent auto-exploring this place.
 F = Levels seen in this place.
 G = Mean time per level.
                   A        B        C        D        E       F      G
               +--------+--------+--------+--------+--------+-----+--------+
         Total |   1167 |   1131 |     36 |      0 |    903 |   2 |  583.5 |
       Dungeon |   1167 |   1131 |     36 |      0 |    903 |   2 |  583.5 |
               +--------+--------+--------+--------+--------+-----+--------+

Top non-repeatable levels by time:
     D:1: 1023 daAuts
     D:2: 144 daAuts
